 Dungeon Crawl Stone Soup version 0.30-a0-652-gcc886f7154 (webtiles) character file.

Game seed: 13211093741402483488

2535 greasedhog the Grappler (level 9, -1/133 HPs)
             Began as a Troll Fighter on Jan 18, 2023.
             Slain by a killer bee (3 damage)
             ... on level 7 of the Dungeon.
             The game lasted 00:07:49 (6272 turns).

greasedhog the Grappler (Troll Fighter)             Turns: 6272, Time: 00:07:49

Health: -1/133     AC: 24    Str: 26    XL:     9   Next: 30%
Magic:  8/8        EV:  1    Int:  8    God:
Gold:   236        SH: 14    Dex:  9    Spells: 8/8 levels left

rFire   . . .      SeeInvis .      - Unarmed
rCold   . . .      Faith    .    b - +0 kite shield
rNeg    . . .      Spirit   .    (body armour currently unavailable)
rPois   +          Reflect  +    (helmet currently unavailable)
rElec   .          Harm     .    (cloak currently unavailable)
rCorr   .          Rampage  .    (gloves unavailable)
Will    .....      NoTele   +    (boots unavailable)
Stlth   +                        h - amulet of reflection
HPRegen 1.22/turn                (no ring)
MPRegen 0.11/turn                (no ring)

@: lethally poisoned (-1 -> -2), tree-form
A: stationary, stasis, torment immunity, boosted hp, large, unfitting armour,
(claws 3), regeneration 1, (shaggy fur 1), (tough skin 1)
a: no special abilities


You were on level 7 of the Dungeon.
You were a tree.
You visited 2 branches of the dungeon, and saw 9 of its levels.

You collected 445 gold pieces.
You spent 209 gold pieces at shops.

Inventory:

Missiles
 m - 3 throwing nets (quivered)
 t - a curare-tipped dart
Armour
 a - a +0 robe (melded)
 b - a +0 kite shield (worn)
Jewellery
 h - an amulet of reflection (around neck)
 w - the amulet "Vecont" {+Inv Regen+ Str-5 Slay+3}
   (You bought it in a shop on level 6 of the Dungeon)

   [amulet of regeneration]

   Str:       It affects your strength (-5).
   Slay:      It affects your accuracy & damage with ranged weapons and melee
   (+3).
   +Inv:      It lets you turn invisible.
   Regen:     It increases your rate of health regeneration.
Wands
 r - a wand of light (3)
 u - a wand of polymorph (3)
Scrolls
 e - a scroll of teleportation
 g - a scroll of summoning
 p - 2 scrolls of immolation
 v - a scroll of poison {unknown}
 x - a scroll of blinking
 y - a scroll of enchant weapon {unknown}
 z - a scroll of fog {unknown}
Potions
 c - a potion of might
 d - 2 potions of lignification
 f - 2 potions of mutation {unknown}
 j - a potion of ambrosia {unknown}
 k - a potion of invisibility {unknown}
 l - a potion of haste {unknown}
 n - 2 potions of degeneration {unknown}
 o - 2 potions of brilliance {unknown}
 q - a potion of resistance {unknown}
 s - a potion of attraction {unknown}


   Skills:
 + Level 5.7 Fighting
 + Level 2.9 Dodging
 + Level 6.3 Shields
 * Level 9.1 Unarmed Combat


You had 8 spell levels left.
You didn't know any spells.
Your spell library contained the following spells:

 Spells                   Type           Power      Damage    Failure   Level
 Kiss of Death            Conj/Necr      0%         2d5       67%         1
 Summon Small Mammal      Summ           0%         N/A       67%         1
 Call Canine Familiar     Summ           0%         N/A       95%         3
 Confusing Touch          Hex            0%         N/A       95%         3
 Frozen Ramparts          Ice            0%         1d1       95%         3
 Portal Projectile        Hex/Tloc       0%         N/A       95%         3
 Summon Guardian Golem    Hex/Summ       0%         N/A       95%         3
 Airstrike                Air            0%         2d(0-16)  100%        4
 Dispel Undead            Necr           0%         3d6       100%        4
 Ice Form                 Ice/Tmut       0%         N/A       100%        4
 Leda's Liquefaction      Hex/Erth       0%         N/A       100%        4
 Summon Ice Beast         Ice/Summ       0%         N/A       100%        4
 Summon Lightning Spire   Summ/Air       0%         N/A       100%        4
 Lightning Bolt           Conj/Air       0%         1d11      100%        5


Dungeon Overview and Level Annotations

Branches:
Dungeon (8/15)             Temple (1/1) D:7
   Lair: D:8-11

Altars:
Cheibriados
Dithmenos
Gozag
Kikubaaqudgha
Makhleb
Nemelex Xobeh
Qazlal
Trog
Uskayaw
Vehumet
Xom
Yredelemnul
The Shining One

Shops:
D:2 !   D:6 *=[*   D:7 !


Innate Abilities, Weirdness & Mutations

You are a tree.
Your roots penetrate the ground, keeping you stationary.
You cannot be teleported.
You are immune to unholy pain and torment.
Your maximum health is greatly increased.
Your equipment is partially melded.
You are too large for most types of armour.
((You have claws for hands.))
Your natural rate of healing is unusually fast.
((You are covered in fur. (AC +1)))
((You have tough skin. (AC +1)))


Message History

Your wyvern barely misses the killer bee.
The killer bee barely misses you. The killer bee stings you.
* * * LOW HITPOINT WARNING * * *
You block the killer bee's attack.
You feel better. You block the killer bee's attack.
The killer bee closely misses you. The killer bee stings you.
* * * LOW HITPOINT WARNING * * *
You are poisoned.
The killer bee poisons you!
Your water moccasin bites the killer bee!
The killer bee dies!
Your wyvern completely misses the killer bee.
You block the killer bee's attack. The killer bee closely misses you.
Your water moccasin bites the killer bee but does no damage.
Your wyvern closely misses the killer bee.
You feel sick. The killer bee closely misses you.
The killer bee barely misses your water moccasin.
Your wyvern bites the killer bee.
Your water moccasin misses the killer bee.
The killer bee stings you!
* * * LOW HITPOINT WARNING * * *
You are more poisoned.
The killer bee poisons you!
You closely miss the killer bee.
The killer bee is almost dead.
You feel very sick.
The killer bee stings you but does no damage.
The killer bee stings you!
* * * LOW HITPOINT WARNING * * *
Your wyvern barely misses the killer bee.
Your water moccasin misses the killer bee.
The killer bee completely misses you. You block the killer bee's attack.
Your wyvern bites the killer bee!
The killer bee dies!
Really quaff the potion of lignification?
You turn into a tree.
Your +0 robe melds into your body.
Your roots penetrate the ground.
* * * LOW HITPOINT WARNING * * *
You feel sick. The killer bee stings you.
You die...

.≈≈..###....##.#######...####....
.~.#...........# ##.## ##...
..########.#.### #)# ##.. .######
#.[..# ##.# ##. ......###.⌠..#
##).# ## ########.....#####
##...## # #
##...[##.##....###.....# #
###<.⌠..##.##..S.y###...#########
.###...##...##.l♣## ##.## #..[...
..#######.⌠.###### #.# #......
.##.#.# #...# #.# #.###.. ......#
##>## #.####.###>. ####### ###
#........... ######.###.. #.###..
#...... #######


You could see a killer bee (ally target), a friendly water moccasin (summoned)
and a friendly wyvern (summoned).

Vanquished Creatures
  2 water moccasins
  3 orc warriors (D:7)
  An ice beast (D:5)
  A black bear (D:5)
  2 ogres
  2 kobold brigands
  2 phantoms
  A gnoll sergeant (D:6)
  2 bullfrogs
  4 scorpions
  4 wights (D:7)
  A vampire bat (D:4)
  2 hounds
  3 orc priests
  2 orc wizards
  3 iguanas
  7 gnolls
  A river rat (D:7)
  14 adders
  2 shadow imps
  A white imp (D:6)
  2 ufetubi
  2 worms (D:2)
  3 dart slugs
  25 orcs
  12 bats
  4 endoplasms
  A giant cockroach (D:1)
  10 goblins
  9 hobgoblins
  3 quokkas
  7 ball pythons
  3 frilled lizards
  16 kobolds
  5 rats
162 creatures vanquished.

Vanquished Creatures (collateral kills)
  3 killer bees (D:7)
3 creatures vanquished.

Vanquished Creatures (others)
  2 fungi (D:2)
  6 plants (D:2)
8 creatures vanquished.

Grand Total: 173 creatures vanquished

Notes
Turn   | Place    | Note
-------+----------+-------------------------------------------
     0 | D:1      | greasedhog the Troll Fighter began the quest for the Orb.
     0 | D:1      | Reached XP level 1. HP: 22/22 MP: 0/0
   128 | D:1      | Reached XP level 2. HP: 24/29 MP: 1/1
   667 | D:2      | Reached skill level 3 in Unarmed Combat
   667 | D:2      | Reached XP level 3. HP: 35/36 MP: 2/2
   761 | D:2      | Found a faded altar of an unknown god.
   879 | D:2      | Found Biozas's Distillery.
   882 | D:2      | Bought a potion of curing for 39 gold pieces
  1000 | D:2      | Reached XP level 4. HP: 44/44 MP: 3/3
  1516 | D:3      | Reached skill level 4 in Unarmed Combat
  1516 | D:3      | Reached XP level 5. HP: 49/53 MP: 4/4
  1775 | D:3      | Found a bloodstained altar of Trog.
  1829 | D:3      | Found a radiant altar of Vehumet.
  2624 | D:4      | Reached XP level 6. HP: 26/61 MP: 5/5
  2869 | D:4      | Reached skill level 5 in Unarmed Combat
  3057 | D:4      | Found a burning altar of Makhleb.
  3251 | D:5      | Entered Level 5 of the Dungeon
  3264 | D:5      | Noticed an ice beast
  3277 | D:5      | Killed an ice beast
  3278 | D:5      | Reached XP level 7. HP: 51/68 MP: 6/6
  3464 | D:5      | Reached skill level 6 in Unarmed Combat
  4120 | D:6      | Found an opulent altar of Gozag.
  4228 | D:6      | Found Aggoirgh's Jewellery Shoppe.
  4334 | D:6      | Found Lukoc's Assorted Antiques.
  4340 | D:6      | Reached skill level 5 in Shields
  4340 | D:6      | Reached XP level 8. HP: 75/79 MP: 7/7
  4351 | D:6      | Bought a pitted sapphire amulet for 170 gold pieces
  4351 | D:6      | Identified the amulet "Vecont" {+Inv Regen+ Str-5 Slay+3}
                  | (You bought it in a shop on level 6 of the Dungeon)
  4379 | D:6      | Reached skill level 7 in Unarmed Combat
  4456 | D:6      | Found a stormy altar of Qazlal.
  4639 | D:6      | Found a hide-covered altar of Uskayaw.
  4643 | D:6      | Found Efelal's Antique Armour Shop.
  4748 | D:6      | Found Detanorch's General Store.
  4903 | D:7      | Found Fehehexu's Distillery.
  4998 | D:7      | Reached skill level 5 in Fighting
  5046 | D:7      | Reached skill level 8 in Unarmed Combat
  5424 | D:7      | Reached XP level 9. HP: 79/81 MP: 8/8
  5584 | D:7      | Found a staircase to the Ecumenical Temple.
  5738 | D:7      | Reached skill level 9 in Unarmed Combat
  6056 | Temple   | Entered the Ecumenical Temple
  6271 | D:7      | HP: 2/89 [killer bee (8)]
  6272 | D:7      | Slain by a killer bee

Illustrated notes

Levels and vault maps discovered:
D:1:      psy_arrival_fountain, layout_basic, serial_rivers,
          chequers_serial_rivers_room_b, chequers_serial_rivers_micro_b,
          chequers_serial_rivers_micro_e, chequers_serial_rivers_micro_d,
          grunt_decor_junction
D:2:      layout_loops_ring, serial_shops, nicolae_shop_behind_doors,
          shapermc_ecumenical_altar_mp_ritualfount
D:3:      layout_loops_corners, trog_hazing_becter, nicolae_vehumet_altar_sigil
D:4:      layout_loops_corners, bloody_makhleb, roderic_batcave
D:5:      layout_basic, minmay_misc_feat_more_columns
D:6:      layout_loops_ring, nicolae_uskayaw_suspiria,
          mainiacjoe_overflow_cross_hatched, amcnicky_altar_gilded,
          serial_shops, nicolae_shop_behind_doors, nicolae_shop_statue_plus,
          shop, kennysheep_mini
D:7:      layout_loops_corners, minmay_temple_entry_nine_rooms, serial_shops,
          shop_fountains, chequers_serial_rivers_small_b, grunt_ministairs_4,
          minmay_crystal_water
D:8:      layout_cave_pools, nicolae_overflow_crystal_walls, uniq_maurice
Temple:   nicolae_temple_superstar

Skill      XL: |  1  2  3  4  5  6  7  8  9 |
---------------+----------------------------+-----
Shields        | 3 4 5 6 |  6.3
Unarmed Combat | 3 4 5 6 8 9 |  9.1
Fighting       | 3 4 5 |  5.7
Dodging        | |  2.9

Action                   |  1- 3 |  4- 6 |  7- 9 || total
-------------------------+-------+-------+-------++-------
Melee: Unarmed           |    87 |   169 |   268 ||   524
Throw: Boomerang         |       |       |     1 ||     1
Evoke: Wand              |       |       |     6 ||     6
  Use: Scroll            |       |     5 |     2 ||     7
       Potion            |       |       |     4 ||     4
 Stab: Sleeping          |       |     1 |       ||     1
Armor: Robe              |    19 |    51 |    46 ||   116
Dodge: Dodged            |    20 |    64 |    95 ||   179
Block: Kite shield       |    28 |   134 |   199 ||   361
       Reflection        |       |     5 |     5 ||    10

Table legend: (Time is in decaauts)
 A = Elapsed time spent in this place.
 B = Non-inter-level travel time spent in this place.
 C = Inter-level travel time spent in this place.
 D = Time resting spent in this place.
 E = Time spent auto-exploring this place.
 F = Levels seen in this place.
 G = Mean time per level.
                   A        B        C        D        E       F      G
               +--------+--------+--------+--------+--------+-----+--------+
         Total |   6285 |   5951 |    334 |    107 |   4653 |   9 |  698.3 |
       Dungeon |   6145 |   5838 |    307 |    107 |   4547 |   8 |  768.1 |
        Temple |    139 |    113 |     26 |      0 |    106 |   1 |  139.0 |
               +--------+--------+--------+--------+--------+-----+--------+

Top non-repeatable levels by time:
     D:7: 1284 daAuts
     D:3: 1009 daAuts
     D:4: 940 daAuts
     D:5: 817 daAuts
     D:6: 746 daAuts
     D:2: 733 daAuts
     D:1: 584 daAuts
  Temple: 139 daAuts
     D:8: 29 daAuts
